 Dungeon Crawl Stone Soup version 0.25-a0-292-gaa31f046c4 (webtiles) character file.

Game seed: 7475666151607000257, levelgen mode: classic

516 Borgoz the Shield-Bearer (level 7, -6/48 HPs)
             Began as a Halfling Fighter on Dec 16, 2019.
             Mangled by an orc
             ... wielding a +0 hand axe of electrocution
              (12 damage)
             ... on level 4 of the Dungeon.
             The game lasted 00:06:41 (3267 turns).

Borgoz the Shield-Bearer (Halfling Fighter)         Turns: 3267, Time: 00:06:42

Health: -6/48      AC: 14    Str: 19    XL:     7   Next: 44%
Magic:  7/7        EV:  7    Int:  6    God:
Gold:   192        SH: 10    Dex: 14    Spells: 6/6 levels left

rFire    + . .     SeeInvis .   a - +1 rapier
rCold    + . .     Gourm    .   c - +0 shield
rNeg     . . .     Faith    .   p - +2 chain mail {rC+}
rPois    .         Spirit   .   h - +0 helmet
rElec    .         Reflect  .   (no cloak)
rCorr    .         Harm     .   i - +0 pair of gloves
MR       .....                  (no boots)
Stlth    ..........             (no amulet)
HPRegen  0.16/turn              n - ring of protection from fire
MPRegen  0.10/turn              (no ring)

@: no status effects
A: small, mutation resistance 1
a: no special abilities


You were on level 4 of the Dungeon.
You were not hungry.

You visited 1 branch of the dungeon, and saw 4 of its levels.

You collected 192 gold pieces.

Inventory:

Hand Weapons
 a - a +1 rapier (weapon)
 b - a +2 dagger of protection
Armour
 c - a +0 shield (worn)
 h - a +0 helmet (worn)
 i - a +0 pair of gloves (worn)
 p - a +2 chain mail of cold resistance (worn)
Jewellery
 n - a ring of protection from fire (left hand)
Wands
 o - a wand of polymorph (3)
Scrolls
 e - a scroll of fear
 m - 2 scrolls of enchant weapon
 r - a scroll of teleportation
Potions
 g - a potion of heal wounds
 j - a potion of brilliance {unknown}
Comestibles
 d - a chunk of flesh
 f - a ration


   Skills:
 + Level 4.2 Fighting
 + Level 5.0 Short Blades
 + Level 5.1 Armour
 + Level 5.2 Shields


You had 6 spell levels left.
You didn't know any spells.
Your spell library was empty.

Dungeon Overview and Level Annotations

Branches:
Dungeon (4/15)
 Temple: D:4-7

Altars:
Sif Muna
Trog

Annotations:
D:4 Pikel


Innate Abilities, Weirdness & Mutations

You are small and have problems with some larger weapons.
You are somewhat resistant to further mutation.


Message History

The orc shouts!
You hear a bark!
The orc moves out of view.
You are too injured to fight recklessly!
You are too injured to fight recklessly!
You are too injured to fight recklessly!
You are too injured to fight recklessly!
You are too injured to fight recklessly!
You are too injured to fight recklessly!
You hit the orc.
The orc is lightly wounded.
You block the orc's attack.
You hit the orc but do no damage.
The orc is lightly wounded.
The orc hits you with a +0 hand axe of electrocution.
You are electrocuted!
* * * LOW HITPOINT WARNING * * *
You hit the orc.
The orc is heavily wounded.
The orc hits you but does no damage.
You are electrocuted!
You die...

...............#....... .
...).........#.......##..
####...#####.#..#........
#...# #.#..##...# #...#
#.......<.# #...#
###..####.# #...# ##..#
.### .... #...###.....
#.#.# #...@o...#
#....##..# #...#.........
....#..!.##..###
######.### .# #. .. .. .
... .#.


You could see an orc.

Vanquished Creatures
  A slave (D:3)
  5 orc priests
  3 orc wizards
  A centaur skeleton (D:4)
  Terence (D:2)
  Robin (D:2)
  3 gnolls (D:4)
  9 adders
  3 worms
  2 dart slugs (D:1)
  2 leopard geckos (D:3)
  7 orcs
  10 bats
  4 giant cockroaches
  14 goblins
  7 hobgoblins
  11 jackals
  2 quokkas
  7 frilled lizards
  6 kobolds
  8 rats
107 creatures vanquished.

Notes
Turn   | Place    | Note
-------+----------+-------------------------------------------
     0 | D:1      | Borgoz the Halfling Fighter began the quest for the Orb.
     0 | D:1      | Reached XP level 1. HP: 15/15 MP: 1/1
    78 | D:1      | Reached XP level 2. HP: 16/20 MP: 2/2
   441 | D:1      | Reached XP level 3. HP: 24/25 MP: 3/3
   628 | D:2      | Noticed Robin
   657 | D:2      | Killed Robin
   657 | D:2      | Reached XP level 4. HP: 20/31 MP: 4/4
   806 | D:2      | Noticed Terence
   830 | D:2      | Killed Terence
   960 | D:2      | Found a shimmering blue altar of Sif Muna.
  1057 | D:2      | Reached XP level 5. HP: 26/36 MP: 5/5
  1911 | D:3      | Reached XP level 6. HP: 42/42 MP: 6/6
  2005 | D:3      | Found a bloodstained altar of Trog.
  2376 | D:3      | Reached XP level 7. HP: 48/48 MP: 7/7
  3049 | D:4      | Noticed Pikel
  3140 | D:4      | Reached skill level 5 in Armour
  3140 | D:4      | Reached skill level 5 in Shields
  3172 | D:4      | Reached skill level 5 in Short Blades
  3267 | D:4      | Mangled by an orc

Levels and vault maps discovered:
D:1:      grunt_arrival_lava_bath, layout_basic, minmay_split_cup_small
D:2:      layout_loops_ring, lemuel_blue_sif_altar, uniq_terence, uniq_robin
D:3:      layout_basic, serial_glass, glass_columns_a, glass_columns_a,
          trog_butcher_becter
D:4:      layout_loops_cross, old_standard_altar, cheibrodos_sewer_entry_sluice,
          serial_forest, infiniplex_forest_clump_curved,
          infiniplex_forest_end_1, infiniplex_forest_lined_3,
          infiniplex_forest_clump_diagonal, infiniplex_forest_lined_2,
          infiniplex_forest_straight_4, infiniplex_forest_lined_3,
          infiniplex_forest_zigzag_2, minmay_starry_boxes, uniq_pikel

Skill      XL: |  1  2  3  4  5  6  7 |
---------------+----------------------+-----
Short Blades   | 3 4 5 |  5.0
Fighting       | 3 4 |  4.2
Armour         | 4 5 |  5.1
Shields        | 4 5 |  5.2

Action                   |  1- 3 |  4- 6 |  7- 9 || total
-------------------------+-------+-------+-------++-------
Melee: Rapier            |    97 |    82 |    77 ||   256
       Dagger            |       |   193 |       ||   193
  Use: Scroll            |       |     7 |     2 ||     9
       Potion            |       |     1 |     3 ||     4
  Eat: Chunk             |       |     5 |     3 ||     8
Armor: Scale mail        |    49 |    13 |       ||    62
       Skin              |       |     5 |    10 ||    15
       Chain mail        |       |   110 |    47 ||   157
Dodge: Dodged            |    37 |    52 |    31 ||   120
Block: Shield            |    56 |   154 |    45 ||   255

Table legend:
 A = Non-vault XP
 B = Vault XP
 C = Vault XP percentage of total XP
 D = Non-vault monster count
 E = Vault monster count
 F = Vault count percentage of total count
                 A         B        C        D         E       F
            +---------+---------+-------+---------+---------+-------
      Total |     649 |      89 |  12.1 |      85 |      21 |  19.8
            +---------+---------+-------+---------+---------+-------
        D:1 |      27 |       5 |  15.6 |      17 |       3 |  15.0
        D:2 |      94 |      74 |  44.0 |      26 |      14 |  35.0
        D:3 |     326 |      10 |   3.0 |      34 |       4 |  10.5
        D:4 |     202 |       0 |   0.0 |       8 |       0 |   0.0
            +---------+---------+-------+---------+---------+-------
